 Dungeon Crawl Stone Soup version 0.15-a0-35-ga771cbd (webtiles) character file.

853 4tharraofdagon the Slasher (level 7, 0/60 HPs)
             Began as a Ghoul Gladiator on Apr 2, 2014.
             Slain by a killer bee (1 damage)
             ... while paralysed by a potion of paralysis
             ... on Level 7 of the Dungeon.
             The game lasted 00:07:52 (1413 turns).

4tharraofdagon the Slasher (Ghoul Gladiator)        Turns: 1413, Time: 00:07:52

HP   0/60        AC 12     Str 24      XL: 7   Next: 70%
MP   5/5         EV  2     Int  5      God:
Gold 136         SH  0     Dex  9      Spells:  0 memorised,  6 levels left

rFire  + . .     SeeInvis .     a - +0 long sword
rCold  + + .     Clarity  .     k - +0 chain mail
rNeg   + + +     Conserve .     (no shield)
rPois  +         rCorr    .     c - +0 helmet
rElec  +         rRot     +     s - +1 cloak
SustAb . .       Spirit   .     (no gloves)
rMut   .         Warding  .     (no boots)
Saprov + + +     Stasis   .     (no amulet)
MR     .....                    (no ring)
                                (no ring)

@: paralysed, mighty, rotting, not resistant to hostile enchantments, extremely
unstealthy
A: rotting body, claws 1, carnivore 3, cold resistance 1, life protection 3,
poison resistance, saprovore 3, slow healing 1, torment resistance, unbreathing
a: no special abilities


You were on level 7 of the Dungeon.
You were not hungry.

You visited 1 branch of the dungeon, and saw 7 of its levels.

You collected 136 gold pieces.

Inventory:

Hand weapons
 a - a +0,+0 long sword (weapon)
 g - a +4,+2 quarterstaff of chaos
 h - a +0,+1 dagger of venom
 q - a +0,+3 hammer
 r - a +1,+2 hammer of protection
 u - a +1,+1 hammer of holy wrath
Missiles
 j - 7 javelins (quivered)
Armour
 b - a +0 leather armour
 c - a +0 helmet (worn)
 k - a +0 chain mail (worn)
 s - a +1 cloak (worn)
Magical devices
 d - a wand of frost (10)
 E - a wand of flame (14)
Comestibles
 n - a chunk of kobold flesh
 w - a meat ration
Scrolls
 e - 2 scrolls of amnesia {unknown}
 i - a scroll of noise {unknown}
 o - 2 scrolls of enchant weapon II
 t - a scroll of recharging {unknown}
 x - a scroll of immolation
 y - a scroll of remove curse
Potions
 f - a potion of curing {unknown}
 l - a potion of resistance
 m - a potion of cure mutation {unknown}
 p - 2 potions of might
 B - a potion of brilliance {unknown}
 D - a potion of restore abilities {unknown}


   Skills:
 + Level 4.9 Fighting
 * Level 5.7 Long Blades
 - Level 1.7 Throwing
 + Level 3.5 Armour
 - Level 3.1 Dodging


You had 6 spell levels left.
You didn't know any spells.

Dungeon Overview and Level Annotations

Branches:
Dungeon (7/15)             Temple (0/1) D:7

Altars:


Innate Abilities, Weirdness & Mutations

Your body is rotting away.
You have sharp fingernails.
You are carnivorous and can eat meat at any time.
Your flesh is cold resistant.
You are immune to negative energy.
Your system is resistant to poisons.
You thrive on rotten meat.
You heal slowly when monsters are visible.
You are immune to unholy pain and torment.
You can survive without breathing.


Message History

You feel protected!
It was a potion of resistance!
The killer bee stings you!
* * * LOW HITPOINT WARNING * * *
The killer bee stings you!
* * * LOW HITPOINT WARNING * * *
Unknown command!
Drink which item? (? for menu, Esc to quit)
You suddenly lose the ability to move!!!
It was a potion of paralysis!
The killer bee stings you but does no damage!
The killer bee stings you!
* * * LOW HITPOINT WARNING * * *
The killer bee stings you!
* * * LOW HITPOINT WARNING * * *
The killer bee stings you but does no damage!
The killer bee stings you but does no damage!
The killer bee barely misses you!
The killer bee stings you but does no damage!
The killer bee stings you!
You die!!!

######.......######
........)....#......
#####......<.#.#####
#...%....#.#.....
#........#.#.###.
#........#.#.#>#.
#........#.#.#.#.#
#######........#.#.#...#.
...%...........#@#.#####.
...............#k#.......
################k########
###############.kz.......
.......................[
...............%........
###############...######
........ ..........


You could see 3 killer bees and an orc skeleton.

Vanquished Creatures
  An ice beast (D:5)
  A centaur (D:6)
  An ogre (D:5)
  Sigmund (D:3)
  A giant frog zombie (D:6)
  A jelly (D:6)
  2 crimson imps
  A hound (D:6)
  Crazy Yiuf (D:3)
  2 orc wizards (D:6)
  3 worker ants (D:4)
  A worm (D:7)
  2 orc skeletons (D:6)
  A giant gecko (D:2)
  An ooze (D:4)
  13 orcs
  A bat (D:1)
  A giant cockroach (D:1)
  4 goblins
  9 hobgoblins
  A quokka (D:7)
  A ball python (D:3)
  2 giant newts (D:1)
  2 kobolds
  An orc zombie (D:7)
  3 rats
  A rat skeleton (D:6)
59 creatures vanquished.

Notes
Turn   | Place    | Note
--------------------------------------------------------------
     0 | D:1      | 4tharraofdagon, the Ghoul Gladiator, began the quest for the Orb.
     0 | D:1      | Reached XP level 1. HP: 17/17 MP: 1/1
    87 | D:2      | Reached XP level 2. HP: 13/25 MP: 2/2
   142 | D:3      | Noticed Sigmund
   153 | D:3      | Killed Sigmund
   153 | D:3      | Reached skill level 3 in Long Blades
   153 | D:3      | Reached skill level 1 in Armour
   153 | D:3      | Reached XP level 3. HP: 19/30 MP: 3/3
   153 | D:3      | Reached XP level 4. HP: 23/37 MP: 3/3
   403 | D:3      | Noticed Crazy Yiuf
   419 | D:3      | Killed Crazy Yiuf
   419 | D:3      | Reached XP level 5. HP: 22/45 MP: 4/4
   572 | D:4      | Reached skill level 4 in Long Blades
   715 | D:5      | Entered Level 5 of the Dungeon
   719 | D:5      | Noticed an ogre
   729 | D:5      | HP: 1/44 [ogre/giant spiked club (17)]
   730 | D:5      | Killed an ogre
   730 | D:5      | Reached XP level 6. HP: 1/51 MP: 5/5
  1062 | D:5      | Noticed an ice beast
  1076 | D:5      | Killed an ice beast
  1076 | D:5      | Reached skill level 5 in Long Blades
  1141 | D:6      | Reached XP level 7. HP: 54/60 MP: 5/5
  1329 | D:7      | Found a staircase to the Ecumenical Temple.
  1410 | D:7      | Paralysed by a potion of paralysis for 6 turns
  1411 | D:7      | HP: 1/60 [killer bee (4)]
  1413 | D:7      | Slain by a killer bee

Action                   |  1- 3 |  4- 6 |  7- 9 || total
-------------------------+-------+-------+-------++-------
Melee: Long sword        |    32 |   166 |    43 ||   241
       Quarterstaff      |       |       |    31 ||    31
Throw: Throwing net      |     2 |     2 |       ||     4
       Javelin           |       |       |     4 ||     4
Evoke: Wand              |       |     1 |       ||     1
  Use: Potion            |     1 |       |     3 ||     4
       Scroll            |       |     5 |       ||     5
 Stab: Sleeping          |     4 |       |       ||     4
       Invisible         |     1 |       |       ||     1
       Held in net/web   |     2 |     3 |       ||     5
